 Dungeon Crawl Stone Soup version 0.18-a0-988-gb7d270e (webtiles) character file.

319 ChainedDjango the Firebug (level 6, -8/32 HPs)
             Began as a Deep Elf Fire Elementalist on Jan 3, 2016.
             Was an Initiate of Vehumet.
             Mangled by an ogre
             ... wielding a +0 giant club
              (27 damage)
             ... on level 5 of the Dungeon.
             The game lasted 00:05:46 (4100 turns).

ChainedDjango the Firebug (DEFE)                    Turns: 4100, Time: 00:05:46

Health: -8/32      AC:  2    Str:  5    XL:     6   Next: 21%
Magic:  11/12      EV: 13    Int: 22    God:    Vehumet [......]
Gold:   166        SH:  0    Dex: 15    Spells: 2 memorised, 7 levels left

rFire  . . .     SeeInvis .     r - +0 short sword (venom)
rCold  . . .     Gourm    .     a - +0 robe
rNeg   . . .     Faith    .     (no shield)
rPois  .         Spirit   .     (no helmet)
rElec  .         Dismiss  .     (no cloak)
rCorr  .         Reflect  .     (no gloves)
SustAt .         Harm     .     (no boots)
MR     .....                    (no amulet)
Stlth  ++........               (no ring)
                                (no ring)

@: not resistant to hostile enchantments, unstealthy
A: no striking features
a: Renounce Religion


You were on level 5 of the Dungeon.
You worshipped Vehumet.
Vehumet was noncommittal.
You were not hungry.

You visited 1 branch of the dungeon, and saw 5 of its levels.

You collected 166 gold pieces.

Inventory:

Hand Weapons
 k - a +0 spear
 r - a +0 short sword of venom (weapon)
Missiles
 n - a throwing net (quivered)
 t - 36 bolts
 y - 12 arrows
 B - 18 sling bullets
Armour
 a - a +0 robe (worn)
Jewellery
 m - an uncursed ring of positive energy {unknown}
 u - a cursed ring of teleportation {unknown}
Wands
 z - a wand of cold (6/15)
Scrolls
 d - a scroll of enchant armour {unknown}
 e - 3 scrolls of remove curse {unknown}
 f - 2 scrolls of immolation {unknown}
 h - 2 scrolls of identify {unknown}
 s - 2 scrolls of blinking {unknown}
 x - a scroll of teleportation {unknown}
 A - a scroll of fear {unknown}
Potions
 j - 3 potions of heal wounds {unknown}
 l - 2 potions of cure mutation {unknown}
 o - 2 potions of magic {unknown}
 p - 2 potions of might {unknown}
 q - a potion of lignification {unknown}
 v - a potion of curing {unknown}
 w - a potion of poison {unknown}
Books
 b - a book of Flames

   Spells                             Type                      Level
   a - Flame Tongue                   Conjuration/Fire             1
   b - Throw Flame                    Conjuration/Fire             2
   c - Conjure Flame                  Conjuration/Fire             3
   d - Inner Flame                    Hexes/Fire                   3
   e - Sticky Flame                   Conjuration/Fire             4
   f - Fireball                       Conjuration/Fire             5
 C - a book of Clouds

   Spells                             Type                      Level
   a - Mephitic Cloud                 Conjuration/Poison/Air       3
   b - Conjure Flame                  Conjuration/Fire             3
   c - Poisonous Cloud                Conjuration/Poison/Air       6
   d - Freezing Cloud                 Conjuration/Ice/Air          6
   e - Ring of Flames                 Charms/Fire                  7
Comestibles
 c - 5 bread rations
 g - 3 meat rations
 i - 3 beef jerkies
 D - a chunk of flesh


   Skills:
 - Level 2.4 Dodging
 - Level 2.4 Stealth
 - Level 3.0 Spellcasting
 - Level 1.1 Conjurations
 * Level 7.7 Fire Magic


You had 7 spell levels left.
You knew the following spells:

 Your Spells              Type           Power        Failure   Level  Hunger
a - Flame Tongue          Conj/Fire      ###..        1%          1    None
c - Conjure Flame         Conj/Fire      ###.....     8%          3    ###....


Dungeon Overview and Level Annotations

Branches:
Dungeon (5/15)             Temple (0/1) D:4

Altars:
Dithmenos
Fedhas
Kikubaaqudgha
Makhleb
Nemelex Xobeh
Qazlal
Sif Muna
Vehumet
The Shining One

Annotations:
D:3 Havendes's ghost, amateur DsAK


Message History

Found a robe.
You see here a meat ration.
The ogre misses you.
An ogre is nearby!
You barely miss the ogre. You hit the ogre.
The ogre is poisoned.
The ogre is lightly wounded.
The ogre hits you with a giant club!
An ogre is nearby!
You see here a meat ration.
Casting: Flame Tongue
Confirm with . or Enter, or press ? or * to list all spells.
Aiming: Flame Tongue
Press: ? - help, Shift-Dir - straight line, f - ogre
Aim: an ogre, wielding a giant club (moderately wounded, poisoned)
The flame tongue hits the ogre.
The ogre appears unharmed.
The ogre is moderately wounded.
The ogre hits you with a giant club!!
Ouch! That really hurt!
You die...

#####
###...############
#.................
#.#...############
#.#...# #.#...# #.
.#.##### #. #.#.#
#.# #.#@# ####..
..#O# .[....##.#.#
...(.#.#.#
#####..#.#.#
.........#.######
........%.........
.....>..>#.#######
..(........#


You could see an ogre.

Vanquished Creatures
  A phantom (D:4)
  2 hounds (D:4)
  A giant frog skeleton (D:3)
  Terence (D:3)
  A worker ant (D:4)
  3 adders
  3 worms
  3 giant geckos
  2 ball pythons
  5 giant cockroaches
  6 goblins
  7 hobgoblins
  4 jackals (D:4)
  A quokka (D:2)
  6 bats
  2 giant newts
  8 kobolds
  6 rats (D:2)
62 creatures vanquished.

Notes
Turn   | Place    | Note
--------------------------------------------------------------
     0 | D:1      | ChainedDjango the Deep Elf Fire Elementalist began the quest for the Orb.
     0 | D:1      | Reached XP level 1. HP: 10/10 MP: 6/6
   249 | D:1      | Reached XP level 2. HP: 15/15 MP: 6/8
   260 | D:1      | Reached skill level 4 in Fire Magic
   823 | D:2      | Found a glowing golden altar of the Shining One.
   829 | D:2      | Found a deep blue altar of Sif Muna.
   830 | D:2      | Found an ancient bone altar of Kikubaaqudgha.
   830 | D:2      | Found a stormy altar of Qazlal.
   830 | D:2      | Found a shadowy altar of Dithmenos.
   835 | D:2      | Found a sparkling altar of Nemelex Xobeh.
   906 | D:2      | Found a blossoming altar of Fedhas.
   934 | D:2      | Reached XP level 3. HP: 17/19 MP: 5/9
  1247 | D:2      | Reached skill level 5 in Fire Magic
  1658 | D:3      | Noticed Havendes's ghost (amateur DsAK)
  1896 | D:3      | Reached XP level 4. HP: 20/24 MP: 8/10
  1958 | D:3      | Learned a level 3 spell: Conjure Flame
  2146 | D:3      | Noticed Terence
  2165 | D:3      | Killed Terence
  2165 | D:3      | Reached skill level 6 in Fire Magic
  2731 | D:4      | Reached XP level 5. HP: 21/28 MP: 9/11
  3137 | D:4      | Noticed a phantom
  3151 | D:4      | Killed a phantom
  3151 | D:4      | Reached skill level 7 in Fire Magic
  3151 | D:4      | Reached XP level 6. HP: 22/32 MP: 4/12
  3562 | D:4      | Found a burning altar of Makhleb.
  3562 | D:4      | Noticed a green death
  3646 | D:4      | Found a staircase to the Ecumenical Temple.
  3962 | D:4      | Found a radiant altar of Vehumet.
  3966 | D:4      | Became a worshipper of Vehumet
  4015 | D:5      | Entered Level 5 of the Dungeon
  4100 | D:5      | Mangled by an ogre

Vault maps used:
D:1:      minmay_arrival_cross
D:2:      minitemple, lemuel_round_altar, first_bread
D:3:      uniq_terence
D:4:      marbit_many_paths, temple_fountains, grunt_ministairs_3,
          makhleb_altar_promises_db
D:5:      water_boxes_lemuel

Action                   |  1- 3 |  4- 6 || total
-------------------------+-------+-------++-------
Melee: Spear             |     5 |       ||     5
       Unarmed           |     2 |       ||     2
       Short sword       |    24 |    55 ||    79
 Cast: Flame Tongue      |    47 |    32 ||    79
       Conjure Flame     |       |     2 ||     2
 Stab: Sleeping          |     3 |     2 ||     5
  Eat: Chunk             |     1 |     9 ||    10
